 Dungeon Crawl Stone Soup version 0.30-a0-457-g4b7bca3bfa (webtiles) character file.

Game seed: 13422171684100870999

184095 cforsyth the Severer (level 17, -3/241 (249) HPs)
             Began as a Minotaur Berserker on Dec 13, 2022.
             Was the Champion of Trog.
             Slain by a hell knight
             ... wielding a +5 great sword of flaming
              (19 damage)
             ... on level 3 of the Abyss.
             The game lasted 01:05:07 (27814 turns).

cforsyth the Severer (Minotaur Berserker)          Turns: 27814, Time: 01:05:08

HP:   -3/241 (249)  AC: 25    Str: 39      XL:     17   Next: 38%
MP:   16/16         EV: 13    Int:  3 (4)  God:    Trog [******]
Gold: 1389          SH: 10    Dex: 10      Spells: 16/16 levels left

rFire   . . .      SeeInvis .    H - +5 broad axe (vorpal)
rCold   + + .      Faith    .    R - +0 kite shield {reflect}
rNeg    + . .      Spirit   .    u - +1 plate armour {rN+}
rPois   +          Reflect  +    S - +1 hat
rElec   +          Harm     .    W - +0 cloak of Inviolability {rElec rC+ Str+4 Dex+3}
rCorr   +          Rampage  .    (no gloves)
Will    ++...                    w - +1 pair of boots
Stlth   ..........               t - amulet of regeneration
HPRegen 0.00/turn                L - ring "Meariheh" {rPois Slay+3}
MPRegen 0.15/turn                N - ring of Suspected Treachery {rC+ Will+ rCorr Str+6 Dex-4}

@: berserking, sick, lightly drained, very quick
A: horns 2, retaliatory headbutt
}: 1/15 runes: gossamer
a: Renounce Religion, Berserk, Trog's Hand, Brothers in Arms


You were on level 3 of the Abyss.
You worshipped Trog.
Trog was exalted by your worship.
You visited 4 branches of the dungeon, and saw 25 of its levels.
You visited the Abyss 1 time.
You also visited: Bailey and Gauntlet.

You collected 1864 gold pieces.
You spent 475 gold pieces at shops.

Inventory:

Hand Weapons
 A - a +1 war axe of flaming
 H - a +5 vorpal broad axe (weapon)
Missiles
 X - 2 throwing nets (quivered)
Armour
 l - the +0 pair of gloves "Vopo" {Contam Regen+ Dex+7}
   (You found it in a Gauntlet)

   Dex:       It affects your dexterity (+7).
   Contam:    It causes magical contamination when unequipped.
   Regen:     It increases your rate of health regeneration.
 u - a +1 plate armour of positive energy (worn)
 w - a +1 pair of boots (worn)
 R - a +0 kite shield of reflection (worn)
 S - a +1 hat (worn)
 W - the +0 cloak of Inviolability (worn) {rElec rC+ Str+4 Dex+3}
   (You acquired it on level 5 of the Lair of Beasts)

   Str:       It affects your strength (+4).
   Dex:       It affects your dexterity (+3).
   rC:        It protects you from cold.
   rElec:     It insulates you from electricity.
Jewellery
 t - an amulet of regeneration (around neck)
 B - a ring of protection from fire
 I - the ring of Bycaca {rF+ rC+ rCorr}
   (You acquired it on level 1 of the Lair of Beasts)

   [ring of protection from fire]

   rF:        It protects you from fire.
   rC:        It protects you from cold.
   rCorr:     It protects you from acid and corrosion.
 L - the ring "Meariheh" (left hand) {rPois Slay+3}
   (You bought it in a shop on level 10 of the Dungeon)

   [ring of poison resistance]

   Slay:      It affects your accuracy & damage with ranged weapons and melee
   (+3).
   rPois:     It protects you from poison.
 N - the ring of Suspected Treachery (right hand) {rC+ Will+ rCorr Str+6 Dex-4}
   (You found it in a Gauntlet)

   [ring of strength]

   Str:       It affects your strength (+6).
   Dex:       It affects your dexterity (-4).
   rC:        It protects you from cold.
   rCorr:     It protects you from acid and corrosion.
   Will:      It increases your willpower.
 O - a ring of willpower
 P - the ring "Waiff" {Fire rN++ Will+ Dex+2}
   (You took it off a minotaur in a Gauntlet)

   [ring of fire]

   It enhances your fire magic.
   Dex:       It affects your dexterity (+2).
   rF:        It protects you from fire.
   rC:        It makes you vulnerable to cold.
   rN:        It greatly protects you from negative energy.
   Will:      It increases your willpower.
 Y - a ring of willpower
 Z - a +6 ring of dexterity
Wands
 b - a wand of roots (27)
 g - a wand of acid (11)
 q - a wand of flame (36)
 K - a wand of mindburst (8)
 M - a wand of charming (21)
 V - a wand of polymorph (3)
Scrolls
 a - 3 scrolls of immolation
 e - 8 scrolls of fear
 i - 7 scrolls of enchant weapon
 j - 5 scrolls of teleportation
 k - 3 scrolls of summoning
 n - a scroll of silence
 r - 3 scrolls of blinking
 x - 2 scrolls of poison
 y - 2 scrolls of enchant armour
 C - 7 scrolls of identify
 G - 3 scrolls of fog
 Q - 3 scrolls of magic mapping
 T - 2 scrolls of brand weapon
Potions
 c - 18 potions of curing
 d - 7 potions of resistance
 f - 5 potions of lignification
 h - 8 potions of heal wounds
 m - 3 potions of berserk rage
 o - 4 potions of attraction
 p - 5 potions of mutation
 s - 8 potions of flight
 v - 7 potions of haste
 z - 6 potions of ambrosia
 D - a potion of experience
 E - 3 potions of might
 F - 2 potions of cancellation
 J - 4 potions of invisibility
 U - 3 potions of magic


   Skills:
 + Level 18.8 Fighting
 + Level 18.8 Axes
 + Level 18.6 Armour
 + Level 17.2 Dodging
 - Level 10.0 Shields


You had 16 spell levels left.
You didn't know any spells.
Your spell library was empty.

Dungeon Overview and Level Annotations

Branches:
Dungeon (15/15)            Temple (0/1) D:6            Lair (5/5) D:10
 Shoals (1/4) Lair:2       Spider (4/4) Lair:2        Slime (0/5) Lair:4
    Orc (0/2) D:12         Vaults (0/5) D:14         Depths (0/4) D:15
 Bailey (visited)         Gauntlet (visited)

Altars:
Elyvilon
Ru
Xom
Jiyva

Shops:
D:7 (   D:9 =   D:10 =[*   D:11 :   D:13 =

Portals:
Abyss: Lair:3

Annotations:
D:5 1 runed translucent door
Lair:3 2 transporters, exclusion: oklob plant, SmokeWeed's ghost, journeyman DsGl
Spider:2 2 transporters, Baxzics's ghost, adept DECj


Innate Abilities, Weirdness & Mutations

You have a pair of horns on your head.
You reflexively headbutt those who attack you in melee.


Message History

The starcursed mass shudders and is absorbed by its neighbour.
Really walk into that cloud of freezing vapour? [Y]es or [N]o only, please.
Really walk into that cloud of freezing vapour?
Okay, then.
Really walk into that cloud of freezing vapour?
A necromancer and a large abomination come into view.
You are engulfed in freezing vapours.
You resist.
* * * LOW HITPOINT WARNING * * *
The necromancer shouts!
A starcursed mass splits.
The starcursed mass touches you but does no damage.
Items here: )) [[.
You slice the starcursed mass!!
You destroy the starcursed mass!
Trog accepts your kill.
You slash the starcursed mass! You slash the hell knight!
The starcursed mass shudders and is absorbed by its neighbour.
The hell knight hits you with a +5 great sword of flaming!!
* * * LOW HITPOINT WARNING * * *
The hell knight burns you.
* * * LOW HITPOINT WARNING * * *
You barely miss the quasit. You slice the hell knight!!
You slash the thrashing horror! The thrashing horror barely misses you.
The thrashing horror closely misses you.
You block the hell knight's attack.
A hell hound comes into view.
The necromancer points at you and mumbles some strange words.
The bolt of negative energy hits the thrashing horror.
The thrashing horror completely resists.
The bolt of negative energy hits the quasit.
The quasit completely resists.
The bolt of negative energy hits you! You partially resist.
You feel drained.
* * * LOW HITPOINT WARNING * * *
You closely miss the quasit. You slash the hell knight!
You block the quasit's attack.
The quasit claws you but does no damage.
The quasit barely misses you.
The hell knight hits you with a +5 great sword of flaming!!
You die...

# .###. #..#.#
.. p### # #.#.X#
##.# #X5X##.#. .
. #pp@..# #.X
...
h...X.#.#†....#.
. . ....X
##..####..# .
#.## # #.#.....
.# # #.#.. #.#..
.# #...#.#... .
#. .#..##. .. #
. ...#.#..# ##
#. .#....# # ..


You could see 3 starcursed masses, a hell knight (fast, soul bound), a thrashing
horror, a large abomination, 2 necromancers, a hell hound and a quasit.

Vanquished Creatures
  Mara (Spider:4)
  Bai Suzhen (Spider:4)
  Arachne (Spider:1)
  The ghost of Roypn the Severer, an adept AtBe of Trog (Spider:1)
  Frances (Spider:1)
  A tentacled starspawn (Abyss:3)
  Gastronok (Lair:2)
  Donald (Spider:4)
  Aizul (Spider:2)
  9 emperor scorpions (Spider:4)
  2 ghost moths
  3 broodmothers
  A minotaur (Gauntlet)
  Azrael (Spider:1)
  A lorocyproca (Abyss:3)
  5 spark wasps
  A fire dragon (D:15)
  The ghost of Darkkill the Fighter, a journeyman MiHu of Nemelex Xobeh (D:10)
  3 entropy weavers
  A rakshasa (D:15)
  An ice dragon (D:15)
  10 hydras
  3 catoblepae
  A merfolk avatar (Lair:5)
  3 jorogumos
  A radroach (Spider:2)
  5 boulder beetles
  2 death scarabs (Gauntlet)
  5 centaur warriors
  3 dancing weapons
  2 two-headed ogres
  4 death yaks
  2 hell knights (Abyss:3)
  A soul eater (D:9)
  8 pharaoh ants
  2 sun moths (Spider:4)
  A wretched star (Abyss:3)
  4 steelbarb worms
  4 sea snakes
  4 starcursed masses (Abyss:3)
  5 orb spiders
  Pikel (D:6)
  A harpy (Lair:5)
  2 orc knights (Bailey)
  A necromancer (Abyss:3)
  2 deep elf pyromancers
  26 wolf spiders
  A faun (Shoals:1)
  9 ugly things
  4 manticores
  A worldbinder (Abyss:3)
  3 oklob plants (Lair:4)
  5 cyclopes
  7 black mambas
  10 elephants
  A moth of wrath (Spider:4)
  3 merfolk sirens (Shoals:1)
  4 torpor snails
  A smoke demon (D:9)
  16 cane toads
  A gargoyle (D:13)
  8 rime drakes
  8 komodo dragons
  An orange demon (D:9)
  2 unseen horrors
  5 demonic crawlers
  4 tengu conjurers
  5 polar bears
  6 trolls
  6 meliai
  3 ancient zymes (Abyss:3)
  2 merfolk (Shoals:1)
  A hornet (Lair:5)
  2 wind drakes (Lair:5)
  16 tarantellas
  2 blink frogs (Lair:5)
  4 snapping turtles
  13 raiju (Abyss:3)
  4 slime creatures (D:14)
  8 dream sheep
  35 jumping spiders
  3 flying skulls (Abyss:3)
  24 culicivoras
  A shadow (D:10)
  A ynoxinul (Abyss:3)
  4 wraiths
  53 yaks
  A hog (shapeshifter) (D:15)
  7 wyverns
  3 fire elementals (Spider:1)
  A yak (shapeshifter) (Abyss:3)
  3 basilisks
  2 neqoxecs (Abyss:3)
  6 steam dragons
  4 vampire mosquitoes (D:11)
  55 redbacks
  A chaos spawn (Abyss:3)
  A spectral cane toad (Gauntlet)
  15 water moccasins
  4 wargs
  7 hell hounds
  2 spectral torpor snails (Gauntlet)
  6 large abominations (Abyss:3)
  A small abomination (Abyss:3)
  11 orc warriors
  An ice beast (D:5)
  2 sky beasts
  3 black bears
  4 boggarts (D:14)
  An ogre (D:7)
  23 wolves
  4 centaurs
  A lemure (D:6)
  A gnoll sergeant (D:8)
  11 bullfrogs
  2 necrophages (D:6)
  4 scorpions (D:5)
  11 wights
  2 killer bees (D:5)
  6 electric eels
  7 howler monkeys
  A quasit (D:9)
  8 hounds
  8 orc priests
  A gnoll bouda (D:9)
  4 jellies
  An iguana (D:5)
  12 orc wizards
  4 hell rats (Lair:3)
  20 gnolls
  8 adders
  A shadow imp (D:5)
  2 white imps (D:5)
  3 worms
  A dart slug (D:3)
  55 orcs
  10 ball pythons
  8 bats
  10 endoplasms
  10 giant cockroaches
  21 goblins
  16 hobgoblins
  6 quokkas
  5 frilled lizards
  7 kobolds
  6 rats
  2 butterflies (D:5)
871 creatures vanquished.

Vanquished Creatures (collateral kills)
  An orc warlord (Bailey)
  A dire elephant (Gauntlet)
  A culicivora (Spider:4)
  2 orc warriors (Bailey)
  2 goblins (Bailey)
7 creatures vanquished.

Vanquished Creatures (others)
  2 blink frogs (Abyss:3)
  A small abomination (Abyss:3)
  4 demonic plants
  45 fungi
  76 plants
128 creatures vanquished.

Grand Total: 1006 creatures vanquished

Notes
Turn   | Place    | Note
-------+----------+-------------------------------------------
     0 | D:1      | cforsyth the Minotaur Berserker began the quest for the
                  | Orb.
     0 | D:1      | Reached XP level 1. HP: 19/19 MP: 0/0
   113 | D:1      | You fall into a shaft and drop 1 floor!
   138 | D:2      | Reached XP level 2. HP: 23/27 MP: 1/1
   841 | D:1      | Reached XP level 3. HP: 33/33 MP: 2/2
  1202 | D:2      | Reached ** piety under Trog
  1263 | D:2      | Found a faded altar of an unknown god.
  1745 | D:3      | Reached XP level 4. HP: 41/41 MP: 3/3
  2306 | D:3      | Reached *** piety under Trog
  2307 | D:3      | Reached XP level 5. HP: 47/47 MP: 4/4
  2978 | D:4      | Reached skill level 5 in Fighting
  2978 | D:4      | Reached skill level 5 in Axes
  2990 | D:4      | Reached XP level 6. HP: 54/56 MP: 5/5
  3049 | D:4      | Identified the +3 dagger of Growth {vorpal, rF+ Int+4}
  3349 | D:5      | Entered Level 5 of the Dungeon
  3570 | D:5      | Reached skill level 5 in Armour
  3570 | D:5      | Reached XP level 7. HP: 45/62 MP: 6/6
  3657 | D:5      | Found a runed translucent door.
  3661 | D:5      | Found a runed translucent door.
  3676 | D:5      | Reached **** piety under Trog
  3677 | D:5      | Reached skill level 5 in Dodging
  4009 | D:5      | Reached XP level 8. HP: 70/71 MP: 7/7
  4649 | D:6      | Found a staircase to the Ecumenical Temple.
  4775 | D:6      | Noticed Pikel
  4784 | D:6      | Killed Pikel
  4785 | D:6      | Reached XP level 9. HP: 58/81 MP: 8/8
  5392 | D:7      | Noticed a manticore
  5402 | D:7      | Killed a manticore
  5656 | D:7      | Found Laong's Weapon Emporium.
  5937 | D:8      | Found a white marble altar of Elyvilon.
  6014 | D:8      | Reached XP level 10. HP: 84/91 MP: 9/9
  6436 | D:8      | Reached ***** piety under Trog
  6889 | D:9      | Found Jyih's Jewellery Shop.
  6957 | D:9      | Reached skill level 10 in Fighting
  6972 | D:9      | Reached skill level 10 in Axes
  7003 | D:9      | Found a flagged portal.
  7022 | Bailey   | Entered a bailey
  7042 | Bailey   | Noticed an orc knight
  7081 | Bailey   | Killed an orc knight
  7145 | Bailey   | Noticed an orc knight
  7162 | Bailey   | Killed an orc knight
  7163 | Bailey   | Reached skill level 10 in Armour
  7474 | Bailey   | Noticed an orc warlord
  7485 | Bailey   | Killed an orc warlord
  7486 | Bailey   | Reached XP level 11. HP: 101/101 MP: 10/10
  7964 | D:9      | Reached skill level 10 in Dodging
  8032 | D:9      | Noticed a soul eater
  8043 | D:9      | Killed a soul eater
  8339 | D:10     | Entered Level 10 of the Dungeon
  8431 | D:10     | Found a sacrificial altar of Ru.
  8451 | D:10     | Found Goosadd's General Store.
  8456 | D:10     | Bought the ring "Meariheh" {rPois Slay+3} for 475 gold
                  | pieces
  8523 | D:10     | Found a staircase to the Lair.
  8666 | D:10     | Found Noggeh's Jewellery Boutique.
  8676 | D:10     | Found Fuhakk's Antique Armour Boutique.
  9029 | D:10     | Found a runed translucent gate.
  9032 | D:10     | Found a runed translucent gate.
  9032 | D:10     | Found a runed translucent gate.
  9034 | D:10     | Noticed Darkkill's ghost (journeyman MiHu)
  9057 | D:10     | Killed Darkkill's ghost
  9321 | D:11     | Found Nofo's Book Shoppe.
  9374 | D:11     | Found a gate leading to a gauntlet.
  9380 | Gauntlet | Entered a Gauntlet
  9380 | Gauntlet | Found a transporter.
  9380 | Gauntlet | Found a transporter.
  9380 | Gauntlet | Found a transporter.
  9380 | Gauntlet | Found a transporter.
  9385 | Gauntlet | Found a transporter.
  9399 | Gauntlet | Found a transporter.
  9402 | Gauntlet | Found a transporter.
  9407 | Gauntlet | Noticed a dire elephant
  9427 | Gauntlet | Noticed a death scarab
  9453 | Gauntlet | Noticed a death scarab
  9459 | Gauntlet | Found a transporter.
  9469 | Gauntlet | Found a transporter.
  9484 | Gauntlet | Found a transporter.
  9500 | Gauntlet | Found a transporter.
  9509 | Gauntlet | Found a transporter.
  9685 | Gauntlet | Killed a death scarab
  9742 | Gauntlet | Killed a death scarab
  9789 | Gauntlet | Identified the +0 pair of gloves "Vopo" {Contam Regen+
                  | Dex+7}
  9846 | Gauntlet | Killed a dire elephant
  9852 | Gauntlet | Reached XP level 12. HP: 113/113 MP: 11/11
  9868 | Gauntlet | Identified the ring of Suspected Treachery {rC+ Will+ rCorr
                  | Str+6 Dex-4}
  9886 | Gauntlet | Identified the +5 hand axe "Ogreslayer" {vamp, *Slow Str+9
                  | Int-5 SInv}
  9886 | Gauntlet | Identified the ring "Waiff" {Fire rN++ Will+ Dex+2}
  9886 | Gauntlet | Noticed a minotaur
  9895 | Gauntlet | Killed a minotaur
 10286 | D:11     | Reached skill level 1 in Shields
 10344 | D:11     | Noticed a two-headed ogre
 10353 | D:11     | Killed a two-headed ogre
 10852 | Lair:1   | Entered Level 1 of the Lair of Beasts
 10909 | Lair:1   | Acquired the ring of Bycaca {rF+ rC+ rCorr}
 11673 | Lair:2   | Noticed Gastronok
 11686 | Lair:2   | Killed Gastronok
 11754 | Lair:2   | Found a staircase to the Shoals.
 11853 | Lair:2   | Noticed a four-headed hydra
 11861 | Lair:2   | Killed a seven-headed hydra
 12135 | Lair:2   | Reached skill level 5 in Shields
 12175 | Lair:2   | Found a hole to the Spider Nest.
 12299 | Lair:2   | Reached XP level 13. HP: 102/122 MP: 12/12
 12723 | Lair:3   | Found a transporter.
 12960 | Lair:3   | Found a transporter.
 13598 | Lair:3   | Noticed SmokeWeed's ghost (journeyman DsGl)
 13602 | Lair:3   | Found a one-way gate to the infinite horrors of the Abyss.
 14870 | Lair:4   | Found a viscous altar of Jiyva.
 14870 | Lair:4   | Found a staircase to the Slime Pits.
 14967 | Lair:5   | Entered Level 5 of the Lair of Beasts
 14973 | Lair:5   | Received a gift from Trog
 14986 | Lair:5   | Reached XP level 14. HP: 83/133 MP: 13/13
 15581 | Lair:5   | Reached skill level 15 in Axes
 15618 | Lair:5   | Reached skill level 15 in Fighting
 15672 | Lair:5   | Acquired the +0 cloak of Inviolability {rElec rC+ Str+4
                  | Dex+3}
 16791 | D:12     | Found a staircase to the Orcish Mines.
 16797 | D:12     | Reached skill level 15 in Armour
 17041 | D:12     | Reached ****** piety under Trog
 17733 | D:13     | Found Tery's Jewellery Emporium.
 18646 | D:14     | Reached skill level 10 in Shields
 18745 | D:14     | Reached XP level 15. HP: 88/143 MP: 14/14
 18817 | D:14     | Found a gate to the Vaults.
 19130 | D:15     | Entered Level 15 of the Dungeon
 19363 | D:15     | Found a staircase to the Depths.
 20111 | Spider:1 | Entered Level 1 of the Spider Nest
 20119 | Spider:1 | Received a gift from Trog
 20853 | Spider:1 | Noticed Azrael
 20866 | Spider:1 | Killed Azrael
 20867 | Spider:1 | Reached skill level 15 in Dodging
 21065 | Spider:1 | Noticed Frances
 21081 | Spider:1 | Killed Frances
 21239 | Spider:1 | Found a runed translucent door.
 21240 | Spider:1 | Found a shimmering altar of Xom.
 21240 | Spider:1 | Noticed Roypn's ghost (adept AtBe)
 21702 | Spider:1 | Killed Roypn's ghost
 21704 | Spider:1 | Identified the +10 trident of a ziggurat {freeze, rPois rC-
                  | rCorr MP+9 Dex+7}
 21833 | Spider:2 | Noticed Arachne
 22072 | Spider:2 | Paralysed by a jorogumo for 2 turns
 22403 | Spider:1 | Killed Arachne
 22409 | Spider:1 | Received a gift from Trog
 22602 | Spider:2 | Reached XP level 16. HP: 125/155 MP: 15/15
 23203 | Spider:2 | Found a transporter.
 23206 | Spider:2 | Noticed Baxzics's ghost (adept DECj)
 23207 | Spider:2 | Found a transporter.
 23326 | Spider:2 | Noticed Aizul
 23346 | Spider:2 | Killed Aizul
 24657 | Spider:4 | Entered Level 4 of the Spider Nest
 24657 | Spider:4 | Noticed Mara
 24665 | Spider:4 | Killed Mara
 25084 | Spider:4 | Noticed Donald
 25103 | Spider:4 | Killed Donald
 25362 | Spider:4 | Received a gift from Trog
 25520 | Spider:4 | Noticed Bai Suzhen
 25544 | Spider:4 | Killed Bai Suzhen
 26382 | Spider:4 | Reached XP level 17. HP: 123/166 MP: 16/16
 26542 | Spider:4 | Received a gift from Trog
 26851 | Spider:4 | Got a gossamer rune of Zot
 27046 | Shoals:1 | Entered Level 1 of the Shoals
 27051 | Shoals:1 | Identified the +4 dagger "Arhumy" {spect, SInv}
 27297 | Abyss:3  | Cast into level 3 of the Abyss (tengu warrior)
 27346 | Abyss:3  | Found a corrupted altar of Lugonu.
 27649 | Abyss:3  | Found a corrupted altar of Lugonu.
 27814 | Abyss:3  | Slain by a hell knight

Illustrated notes

Levels and vault maps discovered:
D:1:      lightli_arrival_isolated_outpost, layout_loops_ring,
          corexii_item_surrounded_by_moat, minmay_liquid_box,
          nrook_loot_triangle, columned_hall_lemuel
D:2:      layout_loops_cross, dreamdust_ecumenical_altar_grove, serial_rivers,
          chequers_serial_rivers_room_b, chequers_serial_rivers_small_a,
          chequers_serial_rivers_small_3, chequers_serial_rivers_micro_d,
          chequers_serial_rivers_micro_d, chequers_serial_rivers_small_b,
          grunt_ministairs_2, st_stairs_7, chequers_serial_rivers_micro_d
D:3:      layout_basic
D:4:      layout_layer_cave, dreamdust_gnoll_farm
D:5:      lemuel_insect_pit, layout_loops_corners
D:6:      layout_rooms, minmay_temple_entry_statues_pillars, nicolae_sextant,
          uniq_pikel
D:7:      layout_rooms, serial_shops, shop
D:8:      layout_basic, mainiacjoe_overflow_tiny_flanked, kennysheep_path_1,
          minmay_strange_pillars, chequers_serial_rivers_micro_b,
          minmay_crystal_water
D:9:      layout_irregular_city, serial_shops, shop, serial_demonic,
          serial_demonic_e, serial_demonic_c, serial_demonic_c,
          serial_demonic_a, enter_bailey_7, hellmonk_bongcloud_opening
D:10:     layout_cave_pods, mainiacjoe_overflow_concentric_impassable,
          erik_lair_orcish_takeover, ebering_ghost_rock_garden, serial_shops,
          nicolae_shop_hallway_plus, nicolae_shop_stone,
          nicolae_shop_overgrown_old_shop
D:11:     layout_roguey, gauntlet_entry_generic, serial_shops, shop
D:12:     layout_layer_cave, david_orc_3
D:13:     layout_irregular_city, serial_shops, nicolae_square_shop,
          eino_small_chamber_without_monster
D:14:     layout_small_grid, erik_vaults_1
D:15:     grunt_enter_depths_hoard, layout_irregular_city
Lair:1:   layout_regular_city
Lair:2:   layout_roguey, shoals_dummy_entry, spider_nest_entry_rubble,
          serial_bayou_shore_a, uniq_gastronok
Lair:3:   nzn_winding_woodlands_medium [nzn_winding_woodlands_5x5_cross,
          nzn_winding_woodlands_5x15_longhouse,
          nzn_winding_woodlands_5x5_open_star,
          nzn_winding_woodlands_5x5_perimeter,
          nzn_winding_woodlands_center_garden, nzn_winding_woodlands_5x5_three,
          nzn_winding_woodlands_5x5_default, nzn_winding_woodlands_5x15_crooked,
          nzn_winding_woodlands_5x5_closed_star], layout_gridlike,
          gammafunk_ghost_abyssal_escape, serial_bayou_shore_b
Lair:4:   minmay_lair_oklob_chamber, layout_loops_ring, slime_entry_1,
          serial_bayou_shore_b
Lair:5:   gammafunk_lair_ancient_temple, layout_regular_city
Shoals:1: layout_shoals, kb_tengu_band
Spider:1: nicolae_spider_mines_1, ebering_ghost_xom, uniq_azrael, uniq_frances
Spider:2: layout_spider_delve, gammafunk_ghost_arena,
          nicolae_spider_spiderdrome, uniq_arachne, uniq_aizul
Spider:3: layout_spider_delve
Spider:4: grunt_spider_rune_circles, uniq_bai_suzhen, uniq_donald, uniq_mara
Abyss:3:  base: D:3, abyss_greek_temple, bh_abyss_xom_lugonu_altar,
          spicy_abyss_helpful_harpoons

Skill      XL: |  1  2  3  4  5  6  7  8  9 10 11 12 13 14 15 16 17 |
---------------+----------------------------------------------------+-----
Fighting       | 4 5 6 8 9 10 12 13 14 15 17 18 | 18.8
Axes           | 4 5 6 8 9 10 12 13 14 15 17 18 | 18.8
Armour         | 3 4 5 6 7 9 10 12 13 14 15 16 18 | 18.6
Dodging        | 3 4 5 6 8 9 11 12 13 14 15 16 17 | 17.2
Shields        | 5 7 10 | 10.0

Action                   |  1- 3 |  4- 6 |  7- 9 | 10-12 | 13-15 | 16-18 || total
-------------------------+-------+-------+-------+-------+-------+-------++-------
Melee: Hand axe          |   105 |   154 |    10 |       |       |       ||   269
       Headbutt          |    13 |    19 |    33 |   101 |   218 |   139 ||   523
       Punch             |       |     2 |     1 |     7 |       |       ||    10
       War axe           |       |       |   178 |   311 |       |       ||   489
       Broad axe         |       |       |       |   132 |   794 |   562 ||  1488
Invok: Berserk           |       |     1 |     4 |    10 |    11 |     8 ||    34
       Trog's Hand       |       |       |       |     5 |     2 |     2 ||     9
       Brothers in Arms  |       |       |       |     3 |       |     1 ||     4
  Use: Scroll            |       |       |    18 |     5 |    13 |     2 ||    38
 Stab: Petrified         |       |       |       |       |     2 |       ||     2
       Distracted        |       |       |       |       |       |     1 ||     1
Armor: Animal skin       |    17 |       |       |       |       |       ||    17
       Chain mail        |    25 |    91 |   130 |    50 |       |       ||   296
       Plate armour      |       |       |       |   195 |   540 |   314 ||  1049
Dodge: Dodged            |    63 |    79 |   124 |   190 |   447 |   241 ||  1144
Block: Kite shield       |       |       |       |    52 |   465 |   287 ||   804
       Reflection        |       |       |       |       |       |     5 ||     5

Table legend: (Time is in decaauts)
 A = Elapsed time spent in this place.
 B = Non-inter-level travel time spent in this place.
 C = Inter-level travel time spent in this place.
 D = Time resting spent in this place.
 E = Time spent auto-exploring this place.
 F = Levels seen in this place.
 G = Mean time per level.
                   A        B        C        D        E       F      G
               +--------+--------+--------+--------+--------+-----+--------+
         Total |  28247 |  26983 |   1264 |   4512 |  16349 |  28 | 1008.8 |
       Dungeon |  13143 |  12493 |    650 |   1000 |   9186 |  15 |  876.2 |
          Lair |   6221 |   5863 |    358 |    883 |   3703 |   5 | 1244.2 |
        Shoals |    253 |    253 |      0 |      0 |    151 |   1 |  253.0 |
   Spider Nest |   6706 |   6451 |    255 |   2100 |   2870 |   4 | 1676.5 |
         Abyss |    503 |    503 |      0 |    138 |    144 |   1 |  503.0 |
        Bailey |    637 |    637 |      0 |    132 |     77 |   1 |  637.0 |
      Gauntlet |    781 |    781 |      0 |    258 |    217 |   1 |  781.0 |
               +--------+--------+--------+--------+--------+-----+--------+

Top non-repeatable levels by time:
Spider:1: 2257 daAuts
Spider:4: 2215 daAuts
  Lair:5: 1520 daAuts
  Lair:3: 1484 daAuts
Spider:2: 1290 daAuts
  Lair:2: 1180 daAuts
  Lair:4: 1152 daAuts
    D:12: 1096 daAuts
    D:10: 1068 daAuts
     D:5: 1044 daAuts
     D:8: 985 daAuts
     D:2: 951 daAuts
     D:4: 948 daAuts
Spider:3: 942 daAuts
     D:6: 899 daAuts
